cohdb
Replays
Latest Replays
All Replays
Popular Replays
Top Player Replays
Match Explorer
How It Works
Community
CoH3 Stats
Reddit
Sign in to upload your games and track your stats! →
Sign in with Steam
Match 45944028
Unlisted
Match 45944028
Overview
Messages
Build Orders
End
Royal Engineer Section
Construct Section Command Post
Selects Canadian Shock Battlegroup
Selects Canadian Shock Battlegroup
Dingo Light Scout Car
Infantry Section
Infantry Section
Selects Attacking Spirit
Selects Canadian Shock Section
Vickers Machine Gun Team
Construct Platoon Command Post
Unlock M3 Stuart Light Tanks
Selects Burnout
Selects Incendiary Munitions
Grenade Package
Selects Pyrotechnics
M3 Stuart Light Tank
M3 Stuart Light Tank
Canadian Shock Section
BIOHAZARD
Loren
0
0
Comments
sign in to comment!
No comments posted yet!